 Dungeon Crawl Stone Soup version 0.31-a0-210-gccc998df9b (webtiles) character file.

Game seed: 14628350338566054861

23635 qw the Cleaver (level 13, -2/82 HPs)
             Began as a Gargoyle Fighter on June 30, 2023.
             Was a High Priest of Okawaru.
             Slain by a death yak (13 damage)
             ... on level 2 of the Lair of Beasts.
             The game lasted 00:06:06 (10410 turns).

qw the Cleaver (Gargoyle Fighter)                  Turns: 10410, Time: 00:06:07

Health: -2/82      AC: 38    Str: 24    XL:     13   Next: 8%
Magic:  15/20      EV: 13    Int: 10    God:    Okawaru [*****.]
Gold:   641        SH: 10    Dex:  5    Spells: 12/12 levels left

rFire   + + .        Y - +0 broad axe
rCold   . . .        c - +0 buckler
rNeg    + . .        h - +0 plate armour
rPois   inf          (no helmet)
rElec   +            x - +0 cloak
rCorr   .            v - +1 pair of gloves
SInv    .            b - +2 pair of boots
Will    ++...        q - amulet of reflection Stlth
                     n - ring of Untruth {rElec Will++ AC+4 Int-3 Slay+2}
HPRegen 0.33/turn    m - ring of Kileveko {rF++ EV+5 Int+3 Dex-4}
MPRegen 0.17/turn

%: reflection
@: about to teleport, heroic, finesse-ful, frozen, very slow
A: sickness immunity, AC +9, negative energy resistance 1, electricity
resistance, torment resistance 1, petrification resistance
a: Renounce Religion, Heroism, Finesse, Duel


You were on level 2 of the Lair of Beasts.
You worshipped Okawaru.
Okawaru was extremely pleased with you.
You visited 3 branches of the dungeon, and saw 11 of its levels.

You collected 701 gold pieces.
You spent 60 gold pieces at shops.


Innate Abilities, Weirdness & Mutations

You are immune to sickness and miasma.
Your stone body is resilient. (AC +9)
You are immune to poison.
You resist negative energy. (rN+)
You are resistant to electric shocks. (rElec)
You are resistant to unholy torment.
You are immune to petrification.


   Skills:
 - Level 10.0(15.0) Fighting
 - Level 13.0(18.0) Axes
 - Level 4.5(9.5) Throwing
 + Level 9.7(14.7) Armour
 - Level 1.2(6.2) Dodging
 - Level 6.0(11.0) Shields
 - Level 10.1 Invocations


You had 12 spell levels left.
You didn't know any spells.
Your spell library was empty.

Inventory:

Hand Weapons
 i - a +0 flail of protection
 Y - a +0 broad axe (weapon)
Missiles
 z - a javelin (quivered)
Armour
 b - a +2 pair of boots (worn)
 c - a +0 buckler (worn)
 h - a +0 plate armour (worn)
 l - the +1 pair of boots of Glamorous Satisfaction {rC++ Will+ Int-3}
   (Okawaru gifted it to you on level 2 of the Lair of Beasts)

   Int:       It affects your intelligence (-3).
   rC:        It greatly protects you from cold.
   Will:      It increases your willpower.
 p - +0 acid dragon scales
 v - a +1 pair of gloves (worn)
 x - a +0 cloak (worn)
Jewellery
 j - a +4 ring of protection
 k - a +6 ring of strength
 m - the ring of Kileveko (right hand) {rF++ EV+5 Int+3 Dex-4}
   (You found it on level 3 of the Dungeon)

   [ring of evasion]

   EV:        It affects your evasion (+5).
   Int:       It affects your intelligence (+3).
   Dex:       It affects your dexterity (-4).
   rF:        It greatly protects you from fire.
 n - the ring of Untruth (left hand) {rElec Will++ AC+4 Int-3 Slay+2}
   (You found it on level 8 of the Dungeon)

   [ring of protection]

   AC:        It affects your AC (+4).
   Int:       It affects your intelligence (-3).
   Slay:      It affects your accuracy & damage with ranged weapons and melee
   (+2).
   rElec:     It insulates you from electricity.
   Will:      It greatly increases your willpower.
 q - an amulet of reflection (around neck)
 s - the ring of Eternity {rCorr Dex+5 Stlth+}
   (You took it off an orc wizard on level 5 of the Dungeon)

   [ring of resist corrosion]

   Dex:       It affects your dexterity (+5).
   rCorr:     It protects you from acid and corrosion.
   Stlth:     It makes you more stealthy.
 w - a ring of protection from cold
Wands
 o - a wand of digging (3)
Scrolls
 g - 4 scrolls of identify
Potions
 a - 4 potions of lignification
 d - 7 potions of might
 e - 2 potions of haste
 f - a potion of attraction
 r - 3 potions of mutation
 t - a potion of magic
 u - 2 potions of curing

Dungeon Overview and Level Annotations

Branches:
Dungeon (8/15)             Temple (1/1) D:4            Lair (2/5) D:8
  Swamp (0/4) Lair:2
  Snake: Lair:2-3    Spider: Lair:2-3

Altars:
Ashenzari
Cheibriados
Dithmenos
Elyvilon
Fedhas
Gozag
Hepliaklqana
Kikubaaqudgha
Makhleb
Nemelex Xobeh
Okawaru
Qazlal
Ru
Sif Muna
Trog
Uskayaw
Vehumet
Wu Jian
Xom
Yredelemnul
Zin
The Shining One

Shops:
D:4 :   D:5 *

Annotations:
Lair:1 exclusion: 3 basilisks


Message History

You hit the rime drake. You block the rime drake's attack.
You completely miss the rime drake.
The rime drake is moderately wounded.
You hit the death yak. You miss the rime drake.
The rime drake is moderately wounded.
You hit the death yak. The rime drake breathes ice at you.
The icy flash freeze hits you!
You are encased in ice.
10403 ||| READING scroll of teleportation.
As you read the scroll of teleportation, it crumbles to dust.
You feel strangely unstable.
You hit the death yak.
The death yak is severely wounded.
You slash the death yak! The death yak closely misses you.
You slice the death yak!!
You kill the death yak!
Okawaru is honoured by your kill.
You slash the death yak! You slice the death yak!!
The death yak is severely wounded.
You closely miss the rime drake. You hit the death yak but do no damage.
The death yak is severely wounded.
You hit the rime drake. The death yak barely misses you.
You block the rime drake's attack.
You barely miss the death yak.
The death yak is severely wounded.
You slash the rime drake! You slice the rime drake!!
You kill the rime drake!
Okawaru accepts your kill.
You hit the death yak but do no damage. You slash the death yak!
The death yak is almost dead.
The death yak gores you!
You die...

##..##....#.#...
#........###....
##.......## #...
. ##........#
#..
..###.........#
..
.........###..#
....#...# #...#
...#.#.## #..#
.. ##@%## ...# .
##YF# ..# #...#
..?## ....!
YY...#.
......###
......##
........


You could see a death yak and a bullfrog.

Vanquished Creatures
  Erica (Lair:1)
  5 death yaks (Lair:2)
  3 bog bodies (Lair:2)
  A deep elf pyromancer (D:7)
  A cyclops (D:8)
  A manticore (D:7)
  An oklob plant (Lair:1)
  A black mamba (Lair:2)
  A rime drake (Lair:2)
  Maggie (Lair:1)
  6 cane toads
  5 komodo dragons
  23 blink frogs
  Grinder (D:5)
  20 yaks
  A shadow (D:8)
  2 wyverns
  A basilisk (Lair:1)
  Eustachio (D:4)
  An acid dragon (D:8)
  3 swamp worms (Lair:2)
  6 water moccasins
  An ice beast (D:5)
  An orc warrior (D:6)
  2 black bears
  A sky beast (D:4)
  3 ogres
  19 wolves
  3 centaurs
  2 kobold brigands
  6 bullfrogs
  2 scorpions
  5 howler monkeys (D:7)
  4 electric eels
  A crimson imp (D:5)
  5 hounds
  2 jellies (D:5)
  2 orc priests (D:8)
  2 sleepcaps (D:4)
  An iguana (D:6)
  9 orc wizards
  A mummy (D:8)
  4 gnolls (D:4)
  8 adders
  A shadow imp (D:7)
  3 white imps
  An ufetubus (D:6)
  A worm (D:5)
  4 dart slugs
  32 orcs
  3 ball pythons
  A bat (D:1)
  6 endoplasms
  4 giant cockroaches
  5 goblins
  3 hobgoblins
  5 quokkas
  4 frilled lizards
  14 kobolds
  2 kobold zombies (D:8)
  2 orc zombies (D:8)
  11 rats
272 creatures vanquished.

Vanquished Creatures (others)
  A wolf (Lair:1)
  A shadow imp (D:7)
2 creatures vanquished.

Grand Total: 274 creatures vanquished

Notes
Turn   | Place    | Note
-------+----------+-------------------------------------------
     0 | D:1      | qw the Gargoyle Fighter began the quest for the Orb.
     0 | D:1      | Reached XP level 1. HP: 14/14 MP: 1/1
     0 | D:1      | 0 ||| qw: Version: 0.3-a-26-gee661ec
     0 | D:1      | 0 ||| qw: Game counter: 7315
     0 | D:1      | 0 ||| qw: Melee chars always use a shield: true
     0 | D:1      | 0 ||| qw: God list: Okawaru
     0 | D:1      | 0 ||| qw: Allow faded altars: false
     0 | D:1      | 0 ||| qw: Do Orc after clearing Dungeon:15 true
     0 | D:1      | 0 ||| qw: Do second Lair branch before Depths: true
     0 | D:1      | 0 ||| qw: Lair rune preference: random
     0 | D:1      | 0 ||| qw: Goals: Normal, Zot:1-4, Slime:5, God:TSO, Crypt,
                  | Tomb, Abyss, Pan, Hells, Win
     0 | D:1      | 0 ||| PLANNING D:1-11
    78 | D:1      | Reached skill level 2 in Axes
   148 | D:1      | 148 ||| Stepping ~*~*~tactically~*~*~ (stealth).
   187 | D:1      | 187 ||| DROPPING +0 club.
   256 | D:1      | Reached XP level 2. HP: 19/19 MP: 2/2
   256 | D:1      | Found a faded altar of an unknown god.
   824 | D:1      | 824 ||| UPGRADING to +0 chain mail.
   834 | D:1      | 834 ||| DROPPING +0 scale mail.
   835 | D:1      | 835 ||| READING scroll labelled VIFOBO ZUHOJI.
   836 | D:1      | 836 ||| READING 4 scrolls labelled DALAIFO YNAU.
   837 | D:1      | 837 ||| READING 3 scrolls of identify.
   837 | D:1      | 837 ||| IDENTIFYING grey potion
   838 | D:1      | 838 ||| READING 2 scrolls of identify.
   838 | D:1      | 838 ||| IDENTIFYING sedimented amethyst potion
   985 | D:2      | Reached skill level 3 in Axes
  1003 | D:2      | Reached XP level 3. HP: 23/23 MP: 3/3
  1052 | D:2      | 1052 ||| Stepping ~*~*~tactically~*~*~ (stealth).
  1150 | D:2      | 1150 ||| DROPPING +0 whip.
  1364 | D:2      | 1364 ||| UPGRADING to +0 pair of boots.
  1369 | D:2      | 1369 ||| UPGRADING to ring of protection from cold.
  1370 | D:2      | 1370 ||| READING scroll labelled TUTIVE FOAMULL.
  1371 | D:2      | 1371 ||| READING scroll labelled DEG GEABBUIMOY.
  1375 | D:2      | 1375 ||| READING 2 scrolls of identify.
  1375 | D:2      | 1375 ||| IDENTIFYING yellow potion
  1411 | D:3      | 1411 ||| STAIRDANCE
  1485 | D:3      | 1485 ||| Stepping ~*~*~tactically~*~*~ (hiding).
  1487 | D:3      | 1487 ||| Stepping ~*~*~tactically~*~*~ (hiding).
  1496 | D:3      | Reached XP level 4. HP: 25/28 MP: 4/4
  1570 | D:3      | Found an ornate altar of the Wu Jian Council.
  1578 | D:3      | Found the +7 mace of Variability {chaos, chaos arc}
  1579 | D:3      | 1579 ||| DROPPING +2 heavy mace.
  1610 | D:3      | Reached skill level 4 in Axes
  1664 | D:3      | Identified the ring of Kileveko {rF++ EV+5 Int+3 Dex-4}
  1792 | D:3      | Found a stormy altar of Qazlal.
  1793 | D:3      | Found a shimmering altar of Xom.
  1795 | D:3      | Found a white marble altar of Elyvilon.
  1814 | D:3      | 1814 ||| Stepping ~*~*~tactically~*~*~ (stealth).
  1855 | D:3      | 1855 ||| UPGRADING to amulet of regeneration.
  1860 | D:3      | 1860 ||| UPGRADING to ring of Kileveko {rF++ EV+5 Int+3
                  | Dex-4}.
  1861 | D:3      | 1861 ||| READING scroll labelled WEUVVE CISAWN.
  1862 | D:3      | 1862 ||| READING 3 scrolls labelled YGOGHYTSOY.
  1863 | D:3      | 1863 ||| READING 2 scrolls of enchant armour.
  1863 | D:3      | 1863 ||| ENCHANTING +0 pair of boots.
  1864 | D:3      | 1864 ||| READING scroll of enchant armour.
  1864 | D:3      | 1864 ||| ENCHANTING +1 pair of boots.
  1865 | D:3      | 1865 ||| DRINKING 2 sapphire potions.
  1936 | D:4      | Found a staircase to the Ecumenical Temple.
  1937 | D:4      | 1937 ||| PLANNING TEMPLE
  1937 | D:4      | 1937 ||| DRINKING 2 fizzy inky potions.
  1978 | Temple   | Entered the Ecumenical Temple
  2062 | Temple   | 2062 ||| PLANNING OKAWARU WORSHIP
  2278 | Temple   | Became a worshipper of Warmaster Okawaru
  2279 | Temple   | 2279 ||| PLANNING D:1-11
  2354 | D:4      | Noticed a scorpion
  2354 | D:4      | Noticed an ogre
  2355 | D:4      | 2355 ||| Stepping ~*~*~tactically~*~*~ (stealth).
  2362 | D:4      | Killed a scorpion
  2363 | D:4      | Reached XP level 5. HP: 32/32 MP: 5/5
  2365 | D:4      | Killed an ogre
  2365 | D:4      | Reached * piety under Okawaru
  2366 | D:4      | Reached skill level 5 in Axes
  2366 | D:4      | Reached XP level 6. HP: 36/37 MP: 6/6
  2369 | D:4      | 2369 ||| Stepping ~*~*~tactically~*~*~ (stealth).
  2371 | D:4      | 2371 ||| Stepping ~*~*~tactically~*~*~ (hiding).
  2428 | D:4      | 2428 ||| Stepping ~*~*~tactically~*~*~ (stealth).
  2431 | D:4      | 2431 ||| Stepping ~*~*~tactically~*~*~ (hiding).
  2443 | D:4      | 2443 ||| Stepping ~*~*~tactically~*~*~ (stealth).
  2445 | D:4      | 2445 ||| Stepping ~*~*~tactically~*~*~ (hiding).
  2453 | D:4      | Noticed a black bear
  2454 | D:4      | 2454 ||| INVOKING Heroism.
  2456 | D:4      | Killed a black bear
  2479 | D:4      | Found Biss's Book Emporium.
  2483 | D:4      | 2483 ||| Stepping ~*~*~tactically~*~*~ (stealth).
  2484 | D:4      | 2484 ||| Stepping ~*~*~tactically~*~*~ (stealth).
  2485 | D:4      | 2485 ||| Stepping ~*~*~tactically~*~*~ (stealth).
  2486 | D:4      | 2486 ||| Stepping ~*~*~tactically~*~*~ (stealth).
  2487 | D:4      | 2487 ||| Stepping ~*~*~tactically~*~*~ (stealth).
  2493 | D:4      | 2493 ||| Stepping ~*~*~tactically~*~*~ (stealth).
  2494 | D:4      | 2494 ||| Stepping ~*~*~tactically~*~*~ (stealth).
  2552 | D:4      | Reached skill level 1 in Invocations
  2614 | D:4      | Noticed a sky beast
  2650 | D:4      | Killed a sky beast
  2651 | D:4      | Reached skill level 6 in Axes
  2651 | D:4      | Reached XP level 7. HP: 43/44 MP: 6/8
  2748 | D:4      | 2748 ||| Stepping ~*~*~tactically~*~*~ (stealth).
  2751 | D:4      | 2751 ||| Stepping ~*~*~tactically~*~*~ (hiding).
  2752 | D:4      | 2752 ||| Stepping ~*~*~tactically~*~*~ (hiding).
  2760 | D:4      | 2760 ||| INVOKING Heroism.
  2960 | D:4      | Noticed Eustachio
  2961 | D:4      | 2961 ||| INVOKING Heroism.
  2969 | D:4      | Killed Eustachio
  2970 | D:4      | Reached skill level 3 in Invocations
  3351 | D:5      | Entered Level 5 of the Dungeon
  3391 | D:5      | Reached ** piety under Okawaru
  3409 | D:5      | 3409 ||| Stepping ~*~*~tactically~*~*~ (stealth).
  3411 | D:5      | 3411 ||| Stepping ~*~*~tactically~*~*~ (stealth).
  3421 | D:5      | 3421 ||| DRINKING 2 potions of curing.
  3421 | D:5      | 3421 ||| (to cure confusion)
  3428 | D:5      | Reached XP level 8. HP: 48/48 MP: 11/11
  3480 | D:5      | 3480 ||| INVOKING Heroism.
  3483 | D:5      | Reached skill level 7 in Axes
  3511 | D:5      | 3511 ||| Stepping ~*~*~tactically~*~*~ (hiding).
  3513 | D:5      | 3513 ||| Stepping ~*~*~tactically~*~*~ (hiding).
  3657 | D:5      | 3657 ||| Stepping ~*~*~tactically~*~*~ (hiding).
  3722 | D:5      | Identified the ring of Eternity {rCorr Dex+5 Stlth+}
  3757 | D:5      | 3757 ||| INVOKING Heroism.
  3910 | D:5      | 3910 ||| READING 3 scrolls of identify.
  3910 | D:5      | 3910 ||| IDENTIFYING fuming blue potion
  3911 | D:5      | 3911 ||| READING 2 scrolls of identify.
  3911 | D:5      | 3911 ||| IDENTIFYING pink potion
  3944 | D:5      | 3944 ||| Stepping ~*~*~tactically~*~*~ (hiding).
  3960 | D:5      | Reached skill level 1 in Throwing
  4057 | D:5      | Noticed Grinder
  4057 | D:5      | Paralysed by Grinder for 4 turns
  4061 | D:5      | 4061 ||| INVOKING Heroism.
  4075 | D:5      | 4075 ||| INVOKING Heroism.
  4078 | D:5      | Paralysed by Grinder for 3 turns
  4087 | D:5      | Killed Grinder
  4088 | D:5      | Reached skill level 3 in Throwing
  4306 | D:5      | Found Meniple's General Store.
  4316 | D:5      | 4316 ||| BUYING scroll of identify (24 gold).
  4316 | D:5      | Bought a scroll of identify for 24 gold pieces
  4316 | D:5      | 4316 ||| BUYING scroll of teleportation (36 gold).
  4316 | D:5      | Bought a scroll of teleportation for 36 gold pieces
  4667 | D:5      | 4667 ||| UPGRADING to +0 pair of gloves.
  4672 | D:5      | 4672 ||| UPGRADING to +0 cloak.
  4677 | D:5      | 4677 ||| DROPPING ring of flight.
  4678 | D:5      | 4678 ||| UPGRADING to +4 ring of protection.
  4680 | D:5      | 4680 ||| READING scroll labelled IBBYNA ACYH.
  4681 | D:5      | 4681 ||| DROPPING potion of degeneration.
  4744 | D:6      | 4744 ||| INVOKING Heroism.
  4812 | D:6      | 4812 ||| INVOKING Heroism.
  4821 | D:6      | Reached skill level 8 in Axes
  4821 | D:6      | Reached XP level 9. HP: 54/54 MP: 10/12
  4924 | D:6      | 4924 ||| INVOKING Heroism.
  4928 | D:6      | 4928 ||| DRINKING potion of curing.
  4928 | D:6      | 4928 ||| (to cure confusion)
  4951 | D:6      | Reached skill level 6 in Fighting
  5322 | D:6      | 5322 ||| UPGRADING to +0 plate armour.
  5332 | D:6      | 5332 ||| DROPPING +0 chain mail.
  5333 | D:6      | 5333 ||| READING scroll labelled ROSTEN IRUUCVO.
  5334 | D:6      | 5334 ||| READING scroll labelled NORUZI NYTOUGUOS.
  5359 | D:7      | 5359 ||| READING scroll of enchant armour.
  5359 | D:7      | 5359 ||| ENCHANTING +0 pair of gloves.
  5396 | D:7      | 5396 ||| INVOKING Heroism.
  5416 | D:7      | Found a sparkling altar of Nemelex Xobeh.
  5503 | D:7      | Reached *** piety under Okawaru
  5691 | D:7      | Noticed a manticore
  5692 | D:7      | 5692 ||| INVOKING Heroism.
  5704 | D:7      | Killed a manticore
  5705 | D:7      | Reached skill level 9 in Axes
  5745 | D:7      | Noticed a deep elf pyromancer
  5758 | D:7      | Killed a deep elf pyromancer
  5758 | D:7      | Reached **** piety under Okawaru
  5759 | D:7      | Reached XP level 10. HP: 60/61 MP: 13/13
  5945 | D:7      | 5945 ||| Stepping ~*~*~tactically~*~*~ (stealth).
  5982 | D:7      | 5982 ||| UPGRADING to amulet of reflection.
  5992 | D:7      | 5992 ||| DROPPING amulet of regeneration.
  5993 | D:7      | 5993 ||| READING scroll labelled XOIZXA HUCS.
  5994 | D:7      | 5994 ||| READING 2 scrolls labelled NUOTSESHOSK.
  5995 | D:7      | 5995 ||| READING 4 scrolls of identify.
  5995 | D:7      | 5995 ||| IDENTIFYING green potion
  5996 | D:7      | 5996 ||| DROPPING scroll of amnesia.
  6033 | D:8      | 6033 ||| DROPPING +0 flail.
  6106 | D:8      | 6106 ||| Stepping ~*~*~tactically~*~*~ (stealth).
  6118 | D:8      | 6118 ||| INVOKING Heroism.
  6227 | D:8      | 6227 ||| Stepping ~*~*~tactically~*~*~ (stealth).
  6229 | D:8      | 6229 ||| Stepping ~*~*~tactically~*~*~ (hiding).
  6230 | D:8      | 6230 ||| Stepping ~*~*~tactically~*~*~ (hiding).
  6231 | D:8      | 6231 ||| Stepping ~*~*~tactically~*~*~ (hiding).
  6232 | D:8      | 6232 ||| Stepping ~*~*~tactically~*~*~ (hiding).
  6302 | D:8      | 6302 ||| Stepping ~*~*~tactically~*~*~ (hiding).
  6307 | D:8      | 6307 ||| INVOKING Heroism.
  6309 | D:8      | HP: 14/61 [acid dragon (8)]
  6310 | D:8      | 6310 ||| READING 3 scrolls of teleportation.
  6311 | D:8      | 6311 ||| DRINKING 2 potions of heal wounds.
  6535 | D:8      | 6535 ||| INVOKING Heroism.
  6538 | D:8      | HP: 1/61 [acid dragon/splash of acid (16)]
  6539 | D:8      | 6539 ||| READING 2 scrolls of teleportation.
  6540 | D:8      | 6540 ||| DRINKING potion of heal wounds.
  6652 | D:8      | Noticed a cyclops
  6653 | D:8      | 6653 ||| INVOKING Heroism.
  6662 | D:8      | Killed a cyclops
  7002 | D:8      | Found a staircase to the Lair.
  7003 | D:8      | 7003 ||| INVOKING Heroism.
  7154 | D:8      | Identified the ring of Untruth {rElec Will++ AC+4 Int-3
                  | Slay+2}
  7389 | D:8      | 7389 ||| PLANNING LAIR
  7389 | D:8      | 7389 ||| DROPPING +4 ring of slaying {mikee}.
  7390 | D:8      | 7390 ||| UPGRADING to ring of Untruth {rElec Will++ AC+4
                  | Int-3 Slay+2}.
  7392 | D:8      | 7392 ||| READING scroll labelled LESTRI RADO.
  7393 | D:8      | 7393 ||| READING scroll labelled YTARUGG OLEIM.
  7394 | D:8      | 7394 ||| READING scroll labelled MUECRACHAVOPS.
  7399 | Lair:1   | Entered Level 1 of the Lair of Beasts
  7399 | Lair:1   | Noticed an oklob plant
  7400 | Lair:1   | 7400 ||| INVOKING Heroism.
  7407 | Lair:1   | Reached skill level 10 in Axes
  7410 | Lair:1   | Noticed a cane toad
  7414 | Lair:1   | Killed an oklob plant
  7423 | Lair:1   | 7423 ||| FLEEEEING.
  7424 | Lair:1   | 7424 ||| FLEEEEING.
  7425 | Lair:1   | 7425 ||| STAIRDANCE
  7548 | Lair:1   | 7548 ||| INVOKING Heroism.
  7556 | Lair:1   | Killed a cane toad
  7557 | Lair:1   | Reached skill level 6 in Invocations
  7563 | Lair:1   | Noticed Maggie
  7570 | Lair:1   | Reached skill level 1 in Dodging
  7570 | Lair:1   | Reached XP level 11. HP: 57/68 MP: 15/15
  7570 | Lair:1   | 7570 ||| INVOKING Heroism.
  7582 | Lair:1   | Reached ***** piety under Okawaru
  7586 | Lair:1   | Received a gift from Okawaru
  7599 | Lair:1   | HP: 15/68 [electric eel/bolt of electricity (3)]
  7600 | Lair:1   | 7600 ||| READING scroll of teleportation.
  7632 | Lair:1   | 7632 ||| INVOKING Heroism.
  7641 | Lair:1   | Killed Maggie
  7825 | Lair:1   | 7825 ||| INVOKING Heroism.
  7842 | Lair:1   | Reached skill level 11 in Axes
  7926 | Lair:1   | 7926 ||| INVOKING Heroism.
  7949 | Lair:1   | Reached skill level 9 in Invocations
  7954 | Lair:1   | Received a gift from Okawaru
  8045 | Lair:1   | 8045 ||| Stepping ~*~*~tactically~*~*~ (stealth).
  8137 | Lair:1   | 8137 ||| SWAPPING to +0 broad axe.
  8138 | Lair:1   | 8138 ||| DROPPING +1 war axe of protection.
  8255 | Lair:1   | 8255 ||| INVOKING Heroism.
  8349 | Lair:1   | 8349 ||| INVOKING Heroism.
  8354 | Lair:1   | Reached skill level 9 in Fighting
  8355 | Lair:1   | Noticed Erica
  8356 | Lair:1   | 8356 ||| INVOKING Finesse.
  8379 | Lair:1   | Killed Erica
  8380 | Lair:1   | Reached XP level 12. HP: 76/76 MP: 14/19
  8431 | Lair:1   | 8431 ||| DROPPING +6 ring of intelligence.
  8719 | Lair:1   | 8719 ||| READING scroll labelled LYQEPP ILUOHUN.
  8905 | Lair:1   | 8905 ||| READING 4 scrolls of identify.
  8905 | Lair:1   | 8905 ||| IDENTIFYING black potion
  8906 | Lair:1   | 8906 ||| DROPPING potion of ambrosia.
  8933 | Lair:2   | 8933 ||| STAIRDANCE
  9004 | Lair:2   | 9004 ||| Stepping ~*~*~tactically~*~*~ (stealth).
  9014 | Lair:2   | 9014 ||| Stepping ~*~*~tactically~*~*~ (stealth).
  9062 | Lair:2   | Reached skill level 12 in Axes
  9154 | Lair:2   | 9154 ||| INVOKING Heroism.
  9164 | Lair:2   | Received a gift from Okawaru
  9169 | Lair:2   | 9169 ||| Stepping ~*~*~tactically~*~*~ (hiding).
  9309 | Lair:2   | 9309 ||| Stepping ~*~*~tactically~*~*~ (hiding).
  9317 | Lair:2   | 9317 ||| INVOKING Heroism.
  9323 | Lair:2   | Reached skill level 9 in Armour
  9342 | Lair:2   | 9342 ||| INVOKING Heroism.
  9524 | Lair:2   | 9524 ||| Stepping ~*~*~tactically~*~*~ (hiding).
  9528 | Lair:2   | 9528 ||| INVOKING Heroism.
  9651 | Lair:2   | Found a staircase to the Swamp.
  9677 | Lair:2   | Reached skill level 6 in Shields
  9751 | Lair:2   | 9751 ||| INVOKING Heroism.
  9909 | Lair:2   | Identified the +6 war axe "Spider's Bane" {freeze, rN+
                  | Int+3}
  9911 | Lair:2   | 9911 ||| DROPPING +6 war axe "Spider's Bane" {freeze, rN+
                  | Int+3}.
  9934 | Lair:2   | 9934 ||| Stepping ~*~*~tactically~*~*~ (stealth).
  9936 | Lair:2   | 9936 ||| Stepping ~*~*~tactically~*~*~ (stealth).
  9939 | Lair:2   | 9939 ||| Stepping ~*~*~tactically~*~*~ (stealth).
  9941 | Lair:2   | 9941 ||| Stepping ~*~*~tactically~*~*~ (stealth).
  9944 | Lair:2   | 9944 ||| Stepping ~*~*~tactically~*~*~ (stealth).
  9952 | Lair:2   | Identified the +1 pair of boots of Glamorous Satisfaction
                  | {rC++ Will+ Int-3} (Okawaru gifted it to you on level 2 of
                  | the Lair of Beasts)
  9952 | Lair:2   | Received a gift from Okawaru
 10084 | Lair:2   | 10084 ||| Stepping ~*~*~tactically~*~*~ (stealth).
 10085 | Lair:2   | 10085 ||| INVOKING Heroism.
 10119 | Lair:2   | 10119 ||| Stepping ~*~*~tactically~*~*~ (stealth).
 10209 | Lair:2   | 10209 ||| Stepping ~*~*~tactically~*~*~ (stealth).
 10211 | Lair:2   | 10211 ||| INVOKING Heroism.
 10361 | Lair:2   | Noticed a death yak
 10361 | Lair:2   | Noticed a death yak
 10362 | Lair:2   | 10362 ||| Stepping ~*~*~tactically~*~*~ (stealth).
 10363 | Lair:2   | Noticed a death yak
 10364 | Lair:2   | 10364 ||| INVOKING Heroism.
 10364 | Lair:2   | Noticed a death yak
 10365 | Lair:2   | 10365 ||| Stepping ~*~*~tactically~*~*~ (stealth).
 10366 | Lair:2   | 10366 ||| INVOKING Finesse.
 10374 | Lair:2   | Noticed a death yak
 10375 | Lair:2   | Killed a death yak
 10382 | Lair:2   | Noticed a death yak
 10385 | Lair:2   | Killed a death yak
 10386 | Lair:2   | Reached skill level 13 in Axes
 10392 | Lair:2   | Killed a death yak
 10394 | Lair:2   | Killed a death yak
 10395 | Lair:2   | Reached XP level 13. HP: 23/82 MP: 14/20
 10402 | Lair:2   | HP: 10/82 [rime drake/icy flash freeze (13)]
 10403 | Lair:2   | 10403 ||| READING scroll of teleportation.
 10410 | Lair:2   | Slain by a death yak

Levels and vault maps discovered:
D:1:      lightli_arrival_windingriver, layout_basic,
          chequers_ecumenical_altar_island
D:2:      layout_rooms, grunt_decor_mini_mirrors
D:3:      layout_rooms, nicolae_wu_jian_glorious_leap, minitemple
D:4:      layout_basic, minmay_temple_entry_trees, serial_shops,
          nicolae_shop_advertising_works [nicolae_subvault_shop_adworks],
          hellmonk_no_cap, uniq_eustachio
D:5:      layout_cave_pods, serial_shops, nicolae_lakefront_shop,
          kennysheep_another_room, minmay_fire_ice_demons, uniq_grinder
D:6:      layout_basic
D:7:      layout_layer_cave, lemuel_doored_altar, grunt_potential
D:8:      layout_gridville, david_lair_shrubbed, enter_bailey_2,
          minmay_mini_ossuary
Temple:   minmay_temple_bridge_d
Lair:1:   layout_hall_layers, nicolae_volcano_entry_hallway, serial_forest,
          infiniplex_forest_corner_2, infiniplex_forest_clump_long,
          infiniplex_forest_lined_3_way, infiniplex_forest_lined_2,
          infiniplex_forest_end_1, infiniplex_forest_zigzag_2,
          infiniplex_forest_zigzag_1, infiniplex_forest_corner_1,
          disabler_island, serial_bayou_shore_a, uniq_maggie, uniq_erica
Lair:2:   layout_layer_cave, nicolae_swamp_entry_splash_gauntlet,
          nicolae_snake_entry_squirm

Skill      XL: |  1  2  3  4  5  6  7  8  9 10 11 12 |
---------------+-------------------------------------+-----
Axes           | 2 3 4 5 6 8 9 10 11 13 | 13.0
Fighting       | 4 5 6 8 9 10 | 10.0
Invocations    | 2 4 6 10 | 10.1
Throwing       | 3 4 |  4.5
Armour         | 4 7 8 9 |  9.7
Shields        | 5 6 |  6.0
Dodging        | 1 |  1.2

Action                     |  1- 3 |  4- 6 |  7- 9 | 10-12 | 13-15 || total
---------------------------+-------+-------+-------+-------+-------++-------
  Melee: War axe           |   126 |   112 |   285 |   248 |       ||   771
         Broad axe         |       |       |       |   274 |    15 ||   289
  Throw: Boomerang         |       |    34 |    40 |     3 |       ||    77
         Javelin           |       |       |    17 |    16 |       ||    33
 Invoke: Heroism           |       |     1 |    11 |    21 |       ||    33
         Finesse           |       |       |       |     2 |       ||     2
    Use: Scroll            |     7 |     4 |     6 |    11 |     1 ||    29
         Potion            |       |     2 |     2 |     2 |       ||     6
 Armour: Scale mail        |    11 |       |       |       |       ||    11
         Chain mail        |    55 |    53 |   100 |       |       ||   208
         Plate armour      |       |       |    98 |   262 |     1 ||   361
  Dodge: Dodged            |    38 |    61 |   178 |   250 |     2 ||   529
  Block: Buckler           |    29 |    24 |    41 |   213 |     2 ||   309
         Reflection        |       |       |       |     1 |       ||     1

Table legend:
 A = Non-vault XP
 B = Vault XP
 C = Vault XP percentage of total XP
 D = Non-vault monster count
 E = Vault monster count
 F = Vault count percentage of total count
                 A         B        C        D         E       F
            +---------+---------+-------+---------+---------+-------
      Total |   27381 |    6384 |  18.9 |     244 |      29 |  10.6
            +---------+---------+-------+---------+---------+-------
        D:1 |      21 |       0 |   0.0 |      14 |       0 |   0.0
        D:2 |      56 |       0 |   0.0 |      20 |       0 |   0.0
        D:3 |      37 |       0 |   0.0 |      18 |       0 |   0.0
        D:4 |     696 |     229 |  24.8 |      28 |       3 |   9.7
        D:5 |     791 |     323 |  29.0 |      27 |       3 |  10.0
        D:6 |     704 |       0 |   0.0 |      12 |       0 |   0.0
        D:7 |     833 |    1457 |  63.6 |      17 |       5 |  22.7
        D:8 |    1405 |     355 |  20.2 |      17 |       6 |  26.1
     Lair:1 |   11016 |    1421 |  11.4 |      50 |       5 |   9.1
     Lair:2 |   11822 |    2599 |  18.0 |      41 |       7 |  14.6
            +---------+---------+-------+---------+---------+-------
